 Dungeon Crawl Stone Soup version 0.28.0-56-g4927b6849a (webtiles) character file.

Game seed: 10943511395809104374

93 NotaViper the Poker (level 4, -2/37 HPs)
             Began as a Ghoul Gladiator on Feb 7, 2023.
             Was a Follower of Fedhas.
             Slain by a gnoll
             ... wielding a +0 halberd
              (13 damage)
             ... on level 2 of the Dungeon.
             The game lasted 00:08:42 (1495 turns).

NotaViper the Poker (Ghoul Gladiator)               Turns: 1495, Time: 00:08:43

Health: -2/37      AC:  9    Str: 23    XL:     4   Next: 61%
Magic:  3/3        EV: 13    Int:  7    God:    Fedhas [*.....]
Gold:   91         SH:  0    Dex: 14    Spells: 3/3 levels left

rFire   . . .      SeeInvis .   n - +2 short sword (flame)
rCold   + . .      Faith    .   i - orb {mayhem}
rNeg    + + +      Spirit   .   s - +4 robe of Augmentation {Str+4 Int+4 Dex+4}
rPois   ∞          Reflect  .   c - +0 helmet
rElec   .          Harm     .   (no cloak)
rCorr   .          Rampage  .   p - +0 pair of gloves
Will    .....                   u - +0 pair of boots
Stlth   +.........              (no amulet)
HPRegen 0.12/turn               (no ring)
MPRegen 0.08/turn               (no ring)

@: no status effects
A: claws 1, cold resistance 1, negative energy resistance 3, inhibited
regeneration, torment resistance 2
a: Renounce Religion


You were on level 2 of the Dungeon.
You worshipped Fedhas.
Fedhas was aware of your devotion.
You visited 1 branch of the dungeon, and saw 2 of its levels.

You collected 91 gold pieces.

Inventory:

Hand Weapons
 a - a +0 trident
 n - a +2 short sword of flaming (weapon)
Missiles
 d - 3 throwing nets (quivered)
 k - 21 arrows
 l - 45 stones
 o - 6 atropa-tipped darts
 v - 30 bolts
Armour
 b - a +0 leather armour
 c - a +0 helmet (worn)
 e - a +0 cloak
 f - a +0 robe
 g - a +0 robe
 i - an orb of mayhem (worn)
 j - a +0 plate armour
 p - a +0 pair of gloves (worn)
 s - the +4 robe of Augmentation (worn) {Str+4 Int+4 Dex+4}
   (You found it on level 2 of the Dungeon)

   Str:       It affects your strength (+4).
   Int:       It affects your intelligence (+4).
   Dex:       It affects your dexterity (+4).
 u - a +0 pair of boots (worn)
Scrolls
 r - 2 scrolls of fear {unknown}
 t - a scroll of noise {unknown}
Potions
 h - a potion of flight {unknown}
 m - a potion of resistance {unknown}
 q - a potion of invisibility {unknown}


   Skills:
 + Level 2.7 Fighting
 + Level 1.3 Short Blades
 + Level 3.5 Polearms
 + Level 2.0 Throwing
 + Level 0.5 Armour
 + Level 3.3 Dodging


You had 3 spell levels left.
You didn't know any spells.
Your spell library was empty.

Dungeon Overview and Level Annotations

Branches:
Dungeon (2/15)

Altars:
Fedhas


Innate Abilities, Weirdness & Mutations

You thrive by killing the living.
You are immune to poison.
You have sharp fingernails.
Your flesh is cold resistant. (rC+)
You are immune to negative energy. (rN+++)
You do not regenerate when monsters are visible.
You are immune to unholy pain and torment.


Message History

The jackal barely misses you.
The orc closely misses the jackal.
The gnoll closely misses you.
You barely miss the jackal. The jackal bites you.
The orc misses the jackal.
The jackal completely misses you.
The orc hits the jackal with a +0 short sword.
The gnoll completely misses you.
You barely miss the jackal.
The jackal is heavily wounded.
The orc closely misses the jackal.
The jackal completely misses you.
The gnoll hits you from afar with a +0 halberd.
You hit the jackal. You burn the jackal.
You kill the jackal!
Fedhas appreciates your contribution to the ecosystem.
The gnoll flies into a frenzy!
The orc closely misses the gnoll.
The gnoll hits the gnoll with a +0 halberd!
The orc hits the gnoll with a +0 short sword.
The gnoll dies!
Fedhas appreciates your contribution to the ecosystem.
The gnoll misses you. The orc hits you but does no damage.
The gnoll hits you with a +0 halberd.
* * * LOW HITPOINT WARNING * * *
The orc misses you.
There is an open door here.
Items here: ) ††††.
The gnoll hits the orc from afar with a +0 halberd!
The orc dies!
Fedhas appreciates your contribution to the ecosystem.
The gnoll barely misses you. The gnoll misses you.
The gnoll closely misses you. The gnoll closely misses you.
The gnoll barely misses you. The gnoll closely misses you.
The gnoll shouts!
The gnoll barely misses you.
The gnoll shouts!
The gnoll shouts!
The gnoll hits you from afar with a +0 halberd!
You die...
Fedhas appreciates your contribution to the ecosystem.

#.#####..........###.....
# .....#########.#...#..
....# #....###. #...#
##..## ## ##...# ##..###.
....# #####....### #..#
#..'.....###
#######..######.##........
#......g.@...†.........[##
#.#############.#.......##
#.# #........... #.#
#########... #.# #... #)#
#... #.)).# #... #.†..#
#... #....# #...


You could see a neutral gnoll (fast, strong, insane).

Vanquished Creatures
  A gnoll (D:2)
  3 adders (D:2)
  2 dart slugs
  4 ball pythons (D:2)
  3 bats
  An endoplasm (D:2)
  3 giant cockroaches
  3 hobgoblins
  3 jackals (D:2)
  2 quokkas
  3 frilled lizards (D:1)
  A goblin (D:1)
  7 kobolds
  5 rats
41 creatures vanquished.

Vanquished Creatures (collateral kills)
  A gnoll (D:2)
  An orc (D:2)
  A ball python (D:1)
3 creatures vanquished.

Vanquished Creatures (others)
  A jackal (D:2)
  A frilled lizard (D:2)
2 creatures vanquished.

Grand Total: 46 creatures vanquished

Notes
Turn   | Place    | Note
-------+----------+-------------------------------------------
     0 | D:1      | NotaViper the Ghoul Gladiator began the quest for the Orb.
     0 | D:1      | Reached XP level 1. HP: 17/17 MP: 0/0
   364 | D:1      | Reached XP level 2. HP: 24/24 MP: 1/1
  1011 | D:2      | Reached XP level 3. HP: 29/29 MP: 2/2
  1170 | D:2      | Found the +4 robe of Augmentation {Str+4 Int+4 Dex+4}
  1340 | D:2      | Found a faded altar of an unknown god.
  1406 | D:2      | Prayed at the altar of an unknown god.
  1406 | D:2      | Became a worshipper of Fedhas Madash
  1406 | D:2      | Reached * piety under Fedhas
  1440 | D:2      | Reached XP level 4. HP: 29/37 MP: 3/3
  1465 | D:2      | Reached skill level 1 in Short Blades
  1495 | D:2      | Slain by a gnoll

Illustrated notes

Levels and vault maps discovered:
D:1:      dpeg_arrival_refuge, layout_loops_ring
D:2:      layout_basic, nicolae_ecumenical_snake_handling

Skill      XL: |  1  2  3  4 |
---------------+-------------+-----
Polearms       | 3 |  3.5
Dodging        | 3 |  3.3
Throwing       | 2 |  2.0
Short Blades   | 1 |  1.3
Fighting       | |  2.7
Armour         | |  0.5

Action                   |  1- 3 |  4- 6 || total
-------------------------+-------+-------++-------
Melee: Trident           |    32 |       ||    32
       Short sword       |    60 |    23 ||    83
  Use: Scroll            |     1 |       ||     1
Armor: Plate armour      |    52 |       ||    52
       Robe              |     5 |    10 ||    15
Dodge: Dodged            |    35 |    41 ||    76
